 Dungeon Crawl Stone Soup version 0.31-a0-1447-g87ca8d402b (webtiles) character file.

Game seed: 6599398904055235096

4356 mopl the Martial Artist (level 10, 0/66 (68) HPs)
             Began as an Octopode Shapeshifter on Dec 27, 2023.
             Was a Follower of Uskayaw.
             Killed from afar by an orc wizard (9 damage)
             ... with a puff of flame
             ... on level 8 of the Dungeon.
             The game lasted 00:14:48 (6742 turns).

mopl the Martial Artist (Octopode Shapeshifter)     Turns: 6742, Time: 00:14:49

HP:   0/66 (68)     AC:  1    Str: 14    XL:     10   Next: 34%
MP:   12/12         EV: 16    Int: 13    God:    Uskayaw [*.....]
Gold: 55            SH:  0    Dex: 15    Spells: 9/9 levels left

rFire   . .          .
                       - Unarmed
rCold   . . .        (no shield)
rNeg    . . .        (helmet currently unavailable)
rPois   .            (no amulet)
rElec   .            (no ring)
rCorr   .            (no ring)
SInv    .            (no ring)
Will    .....        (no ring)
Stlth   ++           (no ring)
HPRegen 0.31/turn    (no ring)
MPRegen 0.13/turn    (no ring)
                     (no ring)

%: no passive effects
@: lethally poisoned (0 -> -2), beast-form, lightly drained
A: beast (slay +4), almost no armour, amphibious, 8 rings, camouflage 1,
gelatinous body 1, (nimble swimmer 1), tentacles
a: Begin Untransformation, Renounce Religion, Stomp


You were on level 8 of the Dungeon.
You worshipped Uskayaw.
Uskayaw was noncommittal.
You were a hulking beast.
You visited 2 branches of the dungeon, and saw 9 of its levels.

You collected 396 gold pieces.
You spent 341 gold pieces at shops.

Inventory:

Hand Weapons
 b - a +1 spear of venom
 D - a +3 trident of draining
Missiles
 s - 11 boomerangs (quivered)
 x - 15 poisoned darts
 B - a throwing net
Armour
 u - a +0 buckler
Talismans
 c - a flux talisman
 o - a beast talisman
Wands
 E - a wand of digging (3)
Scrolls
 e - 2 scrolls of enchant armour {unknown}
 h - a scroll of acquirement {unknown}
 i - 2 scrolls of teleportation {unknown}
 k - 6 scrolls of identify {unknown}
 l - a scroll of fear {unknown}
 m - a scroll of noise {unknown}
 q - 3 scrolls of vulnerability {unknown}
 r - 2 scrolls of revelation {unknown}
 t - a scroll of summoning {unknown}
 v - a scroll of blinking {unknown}
 y - a scroll of fog {unknown}
 C - a scroll of amnesia {unknown}
 F - a scroll of poison {unknown}
Potions
 a - 2 potions of lignification {!q}
 d - 2 potions of brilliance
 f - 3 potions of attraction {unknown}
 g - 6 potions of cancellation {unknown}
 j - 2 potions of curing {unknown}
 n - 2 potions of invisibility {unknown}
 p - a potion of enlightenment
 w - 2 potions of resistance
 z - a potion of mutation {!q}
 A - a potion of ambrosia {unknown}


   Skills:
 + Level 5.7 Fighting
 + Level 6.1 Dodging
 * Level 8.9 Unarmed Combat
 + Level 3.7 Invocations
 * Level 8.1 Shapeshifting


You had 9 spell levels left.
You didn't know any spells.
Your spell library contained the following spells:

 Spells                   Type           Power      Damage    Failure   Level
 Freeze                   Ice            0%         1d3       30%         1
 Ensorcelled Hibernation  Hex/Ice        0%         N/A       43%         2
 Frozen Ramparts          Ice            0%         1d1       67%         3
 Fugue of the Fallen      Necr           0%         N/A       67%         3
 Hailstorm                Conj/Ice       0%         3d5       67%         3
 Anguish                  Hex/Necr       0%         N/A       97%         4


Dungeon Overview and Level Annotations

Branches:
Dungeon (8/15)             Temple (1/1) D:4            Lair (0/5) D:8

Altars:
Cheibriados
Dithmenos
Elyvilon
Fedhas
Gozag
Makhleb
Nemelex Xobeh
Okawaru
Qazlal
Ru
Sif Muna
Trog
Uskayaw
Vehumet
Xom
Zin
The Shining One

Shops:
D:1 !   D:2 [   D:3 :   D:8 =

Annotations:
D:4 dig + bb, Dowan
D:6 exclusion: two-headed ogre
D:8 Amaemon


Innate Abilities, Weirdness & Mutations

You are a hulking beast.
Your limbs bulge with bestial killing power. (Slay +4)
You cannot wear most types of armour.
You are amphibious.
You can wear up to eight rings at the same time.
Your skin changes colour to match your surroundings (Stealth+).
Your rubbery body absorbs attacks. (AC +1, EV +1)
((You are camouflaged when in or above water. (Stealth+)))
You have tentacles for arms and can constrict up to eight enemies at once.


Message History

You now have 55 gold pieces (gained 18).
An orange demon comes into view.
The orange demon screeches!
Amaemon the Diabolical Poisoner comes into view.
He is wielding a -1 demon whip of venom and carrying a wand of quicksilver.
Okay, then.
You enter the deep water.
Aiming: Dig
Press: ? - help, Shift-Dir - straight line, p - orc warrior A rock wall.
The rock shatters into small pieces.
Amaemon shouts!
The orc wizard shouts!
Amaemon's tail lashes.
Amaemon gestures wildly while chanting.
You enter the deep water.
The orc warrior hits you with a +0 long sword of draining!
You feel drained. The orange demon stings you!
You are poisoned.
The orange demon poisons you! The orange demon misses you.
The orc wizard gestures at you while chanting.
You easily resist.
You feel extremely sick.
Amaemon zaps a wand.
The bolt of dispelling energy misses you.
You feel very sick.
You feel very sick.
You feel very sick. The orc wizard casts a spell at you.
The magic dart hits you!
* * * LOW HITPOINT WARNING * * *
You feel sick.
You feel sick.
You feel sick.
Okay, then.
You feel sick.
You feel sick.
You feel sick.
You feel sick.
The orc wizard gestures at you while chanting.
The puff of flame hits you!
You die...

..... ####### ....#.#
#########...P.###### #.#.#.#
.....†.........P...# ###.#.#.#
###.##†......P.P.#.# #.6.....#
#.#....P.........## #s≈≈≈≈.#
###...P........P....# #4≈o...#
..#..P..............# ##≈≈≈≈.#
#.#.............h...# ##.##o..#
#.##.......>.P......###.###...###
#.##P..........♣.P..##.####o.....
#.##..P..♣..P.P.....#......<.....
...##.....P..P.P.....o...........
.................P#.#...##.......
.................#..##..##......#
.........♣.P........##....#......
.....##......P...#....∩...#...#.#


You could see an orc wizard.

Vanquished Creatures
  Pikel (D:5)
  Jeremiah (D:7)
  A basilisk (D:8)
  3 wyverns (D:8)
  4 water moccasins
  3 black bears
  7 ogres
  A wolf (D:8)
  3 phantoms
  A centaur (D:6)
  4 lemures (D:5)
  2 kobold brigands (D:6)
  Blork the orc (D:4)
  2 gnoll sergeants
  4 scorpions
  2 howler monkeys
  A jelly (D:7)
  6 hounds
  2 orc priests
  A gnoll bouda (D:6)
  A sleepcap (D:6)
  An orc wizard (D:4)
  5 iguanas
  14 gnolls
  4 adders
  A shadow imp (D:6)
  A worm (D:5)
  5 dart slugs
  10 orcs
  A bat (D:1)
  5 endoplasms
  6 giant cockroaches
  4 goblins
  10 hobgoblins
  7 jackals
  6 quokkas
  8 ball pythons
  4 frilled lizards
  14 kobolds
  7 rats
164 creatures vanquished.

Notes
Turn   | Place    | Note
-------+----------+-------------------------------------------
     0 | D:1      | mopl the Octopode Shapeshifter began the quest for the Orb.
     0 | D:1      | Reached XP level 1. HP: 13/13 MP: 1/1
   188 | D:1      | Reached XP level 2. HP: 18/18 MP: 2/2
   370 | D:1      | Reached XP level 3. HP: 9/23 MP: 3/3
   397 | D:1      | Found Avyet's Distillery.
   509 | D:1      | Bought a potion of degeneration for 11 gold pieces
   509 | D:1      | Bought a potion of lignification for 33 gold pieces
   962 | D:2      | Found Wiesypueho's Antique Armour Emporium.
  1311 | D:3      | Found Hyery's Book Shop.
  1317 | D:3      | Reached XP level 4. HP: 28/28 MP: 4/4
  1531 | D:3      | Found a bloodstained altar of Trog.
  1680 | D:3      | Reached skill level 4 in Unarmed Combat
  1905 | D:1      | Bought a potion of enlightenment for 55 gold pieces
  1963 | D:4      | Noticed an ogre
  1969 | D:4      | Reached XP level 5. HP: 26/34 MP: 5/5
  1972 | D:4      | Reached skill level 2 in Fighting
  2044 | D:4      | Noticed an ogre
  2055 | D:4      | Reached skill level 3 in Dodging
  2055 | D:4      | Reached skill level 4 in Shapeshifting
  2067 | D:4      | Killed an ogre
  2068 | D:4      | Reached XP level 6. HP: 40/41 MP: 6/6
  2416 | D:4      | Reached skill level 5 in Unarmed Combat
  2540 | D:4      | Reached XP level 7. HP: 42/45 MP: 7/7
  2590 | D:4      | Noticed Dowan
  2723 | D:4      | Reached skill level 3 in Fighting
  2723 | D:4      | Reached skill level 5 in Shapeshifting
  2784 | D:4      | Noticed Blork the orc
  2790 | D:4      | Killed Blork the orc
  2869 | D:4      | Found a staircase to the Ecumenical Temple.
  2878 | Temple   | Entered the Ecumenical Temple
  3112 | D:4      | Found a glowing silver altar of Zin.
  3126 | D:5      | Entered Level 5 of the Dungeon
  3154 | D:5      | Reached skill level 4 in Dodging
  3160 | D:5      | Reached skill level 6 in Unarmed Combat
  3160 | D:5      | Reached XP level 8. HP: 21/52 MP: 8/8
  3342 | D:5      | Found a white marble altar of Elyvilon.
  3703 | D:5      | Noticed Pikel
  3760 | D:5      | Killed Pikel
  3761 | D:5      | Reached skill level 4 in Fighting
  3761 | D:5      | Reached skill level 7 in Unarmed Combat
  3761 | D:5      | Reached skill level 6 in Shapeshifting
  3891 | D:5      | Noticed a +0 short sword
  3891 | D:5      | Noticed a +0 falchion
  3891 | D:5      | Noticed a +0 dagger
  3892 | D:5      | Noticed a +0 spear
  3892 | D:5      | Noticed a +0 spear
  3892 | D:5      | Noticed a +0 short sword
  3892 | D:5      | Noticed a +0 falchion
  3892 | D:5      | Noticed a +0 dagger
  3905 | D:5      | Found a hide-covered altar of Uskayaw.
  3920 | D:5      | Became a worshipper of Uskayaw the Reveller
  3935 | D:5      | Reached * piety under Uskayaw
  3936 | D:5      | Reached XP level 9. HP: 59/59 MP: 9/9
  4219 | D:1      | Bought a potion of resistance for 110 gold pieces
  4313 | D:6      | Reached ** piety under Uskayaw
  4325 | D:5      | Reached skill level 1 in Invocations
  4425 | D:6      | Reached *** piety under Uskayaw
  4426 | D:6      | Reached skill level 5 in Dodging
  4431 | D:6      | Reached **** piety under Uskayaw
  4760 | D:6      | Reached skill level 7 in Shapeshifting
  4764 | D:6      | Reached ***** piety under Uskayaw
  4771 | D:6      | Reached skill level 2 in Invocations
  4776 | D:6      | Reached ****** piety under Uskayaw
  4800 | D:6      | Noticed a two-headed ogre
  5287 | D:1      | Bought a potion of brilliance for 44 gold pieces
  5287 | D:1      | Bought a potion of mutation for 88 gold pieces
  5375 | D:7      | Noticed Jeremiah
  5429 | D:7      | Reached skill level 5 in Fighting
  5429 | D:7      | Reached skill level 8 in Unarmed Combat
  6196 | D:7      | Killed Jeremiah
  6197 | D:7      | Reached skill level 3 in Invocations
  6197 | D:7      | Reached XP level 10. HP: 34/66 MP: 12/12
  6508 | D:8      | Reached skill level 6 in Dodging
  6525 | D:8      | Reached skill level 8 in Shapeshifting
  6649 | D:8      | Found a staircase to the Lair.
  6692 | D:8      | Found Umaur's Jewellery Boutique.
  6717 | D:8      | Noticed an orange demon
  6717 | D:8      | Noticed Amaemon
  6742 | D:8      | Killed from afar by an orc wizard

Illustrated notes

Levels and vault maps discovered:
D:1:      dpeg_arrival_water_fire, layout_basic, serial_shops,
          nicolae_shop_window_shopping, moated_statue, minmay_ruptured
D:2:      layout_basic, serial_shops, shop, minmay_misc_feat_rugged
D:3:      layout_basic, trog_hazing_becter, serial_shops, shop
D:4:      minmay_evil_eye, layout_layer_cave, zin_treasury,
          lemuel_temple_firewalk_b, uniq_duvessa, uniq_blork_the_orc
D:5:      layout_loops_ring, nicolae_uskayaw_en_pointe,
          mainiacjoe_overflow_six_doors_small, uniq_pikel
D:6:      hangedman_cross_stitches, layout_basic
D:7:      layout_basic, uniq_jeremiah
D:8:      layout_loops_cross, minmay_lair_entry_grove, serial_shops,
          nicolae_square_shop, chequers_serial_rivers_micro_d,
          serial_bayou_lagoon_b, uniq_amaemon, uniq_psyche
Temple:   nicolae_temple_figure_eight

Skill      XL: |  1  2  3  4  5  6  7  8  9 10 |
---------------+-------------------------------+-----
Unarmed Combat | 4 5 6 7 8 |  8.9
Fighting       | 2 3 4 5 |  5.7
Dodging        | 3 4 5 6 |  6.1
Shapeshifting  | 4 5 6 7 8 |  8.1
Invocations    | 3 |  3.7

Action                     |  1- 3 |  4- 6 |  7- 9 | 10-12 || total
---------------------------+-------+-------+-------+-------++-------
  Melee: Unarmed           |    78 |    84 |   190 |    35 ||   387
         Tentacles         |    15 |    18 |    53 |    17 ||   103
         Constrict         |    21 |    26 |    46 |     7 ||   100
         Punch             |     2 |     7 |    16 |     3 ||    28
         Spear             |       |     4 |       |       ||     4
  Throw: Boomerang         |       |       |     4 |     7 ||    11
  Evoke: Wand              |       |       |       |     1 ||     1
   Stab: Sleeping          |     7 |     3 |     7 |       ||    17
         Paralysed         |       |       |     7 |     1 ||     8
 Armour: Skin              |    21 |    45 |    68 |    15 ||   149
  Dodge: Dodged            |    30 |    55 |   122 |    27 ||   234

Table legend: (Time is in decaauts)
 A = Elapsed time spent in this place.
 B = Non-inter-level travel time spent in this place.
 C = Inter-level travel time spent in this place.
 D = Time resting spent in this place.
 E = Time spent auto-exploring this place.
 F = Levels seen in this place.
 G = Mean time per level.
                   A        B        C        D        E       F      G
               +--------+--------+--------+--------+--------+-----+--------+
         Total |   6716 |   6123 |    593 |   1072 |   3540 |   9 |  746.2 |
       Dungeon |   6702 |   6116 |    586 |   1072 |   3540 |   8 |  837.8 |
        Temple |     14 |      7 |      7 |      0 |      0 |   1 |   14.0 |
               +--------+--------+--------+--------+--------+-----+--------+

Top non-repeatable levels by time:
     D:5: 1260 daAuts
     D:4: 1193 daAuts
     D:6: 964 daAuts
     D:1: 847 daAuts
     D:7: 802 daAuts
     D:3: 744 daAuts
     D:2: 573 daAuts
     D:8: 315 daAuts
  Temple: 14 daAuts
